AoeStats
← 只会打步弓

Arabia

507930643Analyzed
1v1 RM · 13d ago on Sep 20, 2026· 41m 52s· 2 players
Game mode
Random Map
Map size
Tiny (2 player)
Population
200
Speed
Normal
Resources
Standard
Victory
Conquest
Starting age
Dark Age
Ending age
Imperial Age
RankedLock teamsTeams togetherTeam positionsShared explorationLock speedFull tech treeHidden civsTurbo modeCheats
Victory
Defeat
🇨🇳 Mapuche · China
1873
+14
🇨🇭 Maya · Switzerland
1833
-14
Wingardium Leviosa
0:25 Loom
10:11 Feudal Age
11:35 Double-Bit Axe
17:29 Castle Age
15:49 Horse Collar
16:28 Fletching
18:26 Scale Mail Armor
19:09 Squires
20:00 Eagle Warrior
24:09 Chain Mail Armor
24:04 Forging
25:03 Bodkin Arrow
25:43 Crossbowman
27:50 Heavy Plow
29:12 Ballistics
30:58 Wheelbarrow
30:54 Padded Archer Armor
31:37 Thumb Ring
34:28 Hand Cart
37:53 Imperial Age
36:01 Bow Saw
36:18 Town Watch
38:36 Bracer
只会打步弓
6:35 Loom
8:49 Feudal Age
9:22 Double-Bit Axe
9:36 Horse Collar
12:29 Town Watch
16:54 Castle Age
15:18 Fletching
16:04 Padded Archer Armor
16:55 Gold Mining
17:37 Bodkin Arrow
18:02 Elite Skirmisher
20:08 Bow Saw
25:03 Leather Archer Armor
26:56 Heavy Plow
30:23 Ballistics
Connection lost

Rejoining the realm…

Still unreachable

The connection could not be restored.

Session expired

The server has moved on; the page needs a fresh start.